 Dungeon Crawl Stone Soup version 0.30-a0-802-gb92711bcdf (webtiles) character file.

Game seed: 11496488060047778822

845 Pooter the Cleaver (level 7, -4/88 HPs)
             Began as a Minotaur Berserker on Feb 25, 2023.
             Was a Believer of Trog.
             Engulfed by a steam dragon's steam (12 damage)
             ... on level 6 of the Dungeon.
             The game lasted 00:17:47 (3741 turns).

Pooter the Cleaver (Minotaur Berserker)             Turns: 3741, Time: 00:17:48

Health: -4/88      AC: 14    Str: 27    XL:     7   Next: 68%
Magic:  6/6        EV:  7    Int:  8    God:    Trog [**....]
Gold:   95         SH:  0    Dex:  9    Spells: 6/6 levels left

rFire   . . .      SeeInvis .    a - +9 war axe of the Sky {heavy, rElec Str+3 Int+4}
rCold   . . .      Faith    .    (no shield)
rNeg    . . .      Spirit   .    g - +0 plate armour
rPois   .          Reflect  .    x - +2 hat {Stlth+}
rElec   +          Harm     .    (no cloak)
rCorr   .          Rampage  .    q - +0 pair of gloves
Will    .....                    (no boots) Stlth
                                 (no amulet)
HPRegen 0.34/turn                (no ring)
MPRegen 0.10/turn                (no ring)

@: berserking, very quick
A: horns 2, retaliatory headbutt
a: Renounce Religion, Berserk, Trog's Hand


You were on level 6 of the Dungeon.
You worshipped Trog.
Trog was pleased with you.
You visited 1 branch of the dungeon, and saw 6 of its levels.

You collected 291 gold pieces.
You spent 196 gold pieces at shops.

Inventory:

Hand Weapons
 a - the +9 war axe of the Sky (weapon) {heavy, rElec Str+3 Int+4}
   (You found it on level 2 of the Dungeon)

   Str:       It affects your strength (+3).
   Int:       It affects your intelligence (+4).
   rElec:     It insulates you from electricity.
 b - a +0 sling
   (You found it on level 1 of the Dungeon)
 m - a +0 morningstar
   (You found it on level 2 of the Dungeon)
Missiles
 e - 7 poisoned darts
 f - 2 datura-tipped darts
 Q - 37 stones (quivered)
Armour
 g - a +0 plate armour (worn)
   (You found it on level 1 of the Dungeon)
 q - a +0 pair of gloves (worn)
   (You found it on level 1 of the Dungeon)
 t - +0 ice dragon scales
   (You found it on level 3 of the Dungeon)
 x - a +2 hat of stealth (worn)
   (You found it on level 4 of the Dungeon)
Scrolls
 c - a scroll of poison {unknown}
 j - 2 scrolls of fog {unknown}
 k - a scroll of blinking
 l - 4 scrolls of teleportation {unknown}
 n - 2 scrolls of fear
 o - 3 scrolls of immolation {!r}
 w - a scroll of brand weapon {unknown}
 y - a scroll of enchant weapon
 A - a scroll of enchant armour {unknown}
Potions
 d - 2 potions of ambrosia {unknown}
 h - 2 potions of lignification {unknown}
 p - a potion of might {unknown}
 r - a potion of mutation {!q}
 s - a potion of haste {unknown}
 u - 6 potions of curing {@q1}
 v - 2 potions of flight {unknown}
 z - 2 potions of heal wounds {@q2}
 B - 2 potions of berserk rage {unknown}


   Skills:
 - Level 4.2 Fighting
 * Level 10.6 Axes
 - Level 0.8(6.7) Maces & Flails
 - Level 1.0 Ranged Weapons
 - Level 2.4 Armour
 - Level 2.1 Dodging


You had 6 spell levels left.
You didn't know any spells.
Your spell library was empty.

Dungeon Overview and Level Annotations

Branches:
Dungeon (6/15)
 Temple: D:4-7

Altars:
Dithmenos
Nemelex Xobeh
Xom
The Shining One

Shops:
D:3 =   D:4 !

Annotations:
D:5 2 transporters


Innate Abilities, Weirdness & Mutations

You have a pair of horns on your head.
You reflexively headbutt those who attack you in melee.


Message History

You open the door.
There is an open door here.
Found a quarterstaff and 7 gold pieces.
Found 2 metallic golden potions.
A water moccasin comes into view.
The water moccasin hisses angrily.
The water moccasin bites you but does no damage.
The water moccasin bites you.
You open the water moccasin like a pillowcase!!!
You kill the water moccasin!
Trog accepts your kill.
i - 2 metallic golden potions You now have 95 gold pieces (gained 7).
Found a scroll of identify.
i - a scroll of identify {@r1};
B - 2 metallic golden potions
As you read the scroll of identify {@r1}, it crumbles to dust.
y - a scroll of enchant weapon
There is an open door here.
Partly explored, unvisited transporter.
There is an open door here.
There is a stone staircase leading down here.
You climb downwards.
The steam dragon hisses angrily.
There is a stone staircase leading up here.
The steam dragon breathes steam at you. The ball of steam hits you!
You hear an angry hiss.
You hear a bark!
You hit the steam dragon but do no damage.
Your headbutt misses the steam dragon. You punch the steam dragon.
You are engulfed in a cloud of scalding steam.
The steam dragon bites you.
The steam dragon claws you but does no damage.
You slash the steam dragon! Your headbutt misses the steam dragon.
You are engulfed in a cloud of scalding steam.
The steam dragon bites you.
* * * LOW HITPOINT WARNING * * *
The steam dragon claws you.
* * * LOW HITPOINT WARNING * * *
The steam dragon barely misses you. You furiously retaliate!
You headbutt the steam dragon!
The steam dragon claws you but does no damage.
You closely miss the steam dragon. You headbutt the steam dragon.
The steam dragon breathes steam at you. The ball of steam hits you!!
* * * LOW HITPOINT WARNING * * *
Unknown command.
A red film seems to cover your vision as you go berserk!
You feel yourself moving faster!
You feel mighty!
You are engulfed in a cloud of scalding steam.
You die...

#....# #....#
#....# . #....#
.. #.§..# ...#
#§...#
#...#....#
#...§<.#
###.@§.#
.......D.......
..........#....
........#...###
######+#.....
.##.... . ####
..


You could see a steam dragon.

Vanquished Creatures
  2 water moccasins (D:5)
  A black bear (D:5)
  2 ogres (D:5)
  A phantom (D:5)
  A scorpion (D:4)
  2 hounds (D:5)
  An iguana (D:4)
  4 adders
  7 worms
  5 dart slugs
  3 orcs (D:5)
  6 endoplasms
  4 giant cockroaches
  5 goblins
  6 hobgoblins
  2 jackals (D:1)
  3 quokkas
  3 ball pythons
  5 bats
  3 frilled lizards
  7 kobolds
  3 rats
76 creatures vanquished.

Notes
Turn   | Place    | Note
-------+----------+-------------------------------------------
     0 | D:1      | Pooter the Minotaur Berserker began the quest for the Orb.
     0 | D:1      | Reached XP level 1. HP: 19/19 MP: 0/0
   197 | D:1      | Reached skill level 4 in Axes
   217 | D:1      | Reached XP level 2. HP: 18/27 MP: 1/1
   674 | D:1      | Reached XP level 3. HP: 33/33 MP: 2/2
   897 | D:2      | Reached ** piety under Trog
   913 | D:2      | Reached skill level 1 in Ranged Weapons
   947 | D:2      | Identified the +9 war axe of the Sky {heavy, rElec Str+3
                  | Int+4}
  1156 | D:2      | Found a faded altar of an unknown god.
  1166 | D:2      | Reached skill level 5 in Axes
  1416 | D:2      | Reached XP level 4. HP: 40/40 MP: 3/3
  1623 | D:3      | Found a shadowy altar of Dithmenos.
  1804 | D:3      | Found Ybytt's Jewellery Shoppe.
  1821 | D:3      | Found a sparkling altar of Nemelex Xobeh.
  1821 | D:3      | Found a glowing golden altar of the Shining One.
  2158 | D:4      | Noticed a scorpion
  2163 | D:4      | Killed a scorpion
  2164 | D:4      | Reached skill level 6 in Axes
  2164 | D:4      | Reached XP level 5. HP: 46/46 MP: 4/4
  2400 | D:4      | Found Xewo's Distillery.
  2413 | D:4      | Bought a potion of curing for 42 gold pieces
  2413 | D:4      | Bought a potion of curing for 42 gold pieces
  2572 | D:4      | Found a shimmering altar of Xom.
  2872 | D:5      | Entered Level 5 of the Dungeon
  2872 | D:5      | Noticed a black bear
  2879 | D:5      | Killed a black bear
  2880 | D:5      | Reached skill level 7 in Axes
  2880 | D:5      | Reached XP level 6. HP: 39/52 MP: 5/5
  2957 | D:5      | Noticed a water moccasin
  2966 | D:5      | Killed a water moccasin
  2967 | D:5      | Reached skill level 8 in Axes
  3083 | D:5      | Reached skill level 9 in Axes
  3083 | D:5      | Reached XP level 7. HP: 32/59 MP: 6/6
  3324 | D:4      | Bought a potion of mutation for 112 gold pieces
  3378 | D:5      | Reached skill level 10 in Axes
  3434 | D:5      | Found a transporter.
  3435 | D:5      | Noticed a kobold demonologist
  3451 | D:5      | Found a transporter.
  3568 | D:5      | Noticed a shadow
  3568 | D:5      | Noticed a kobold demonologist
  3736 | D:6      | Noticed a steam dragon
  3741 | D:6      | Engulfed by a steam dragon's steam

Illustrated notes

Levels and vault maps discovered:
D:1:      tarquinn_simple_flora_water_a, layout_loops_ring, minivault_11
D:2:      layout_basic, basic_ecumenical_altar, minmay_hedge_maze
D:3:      layout_rooms, mainiacjoe_overflow_alcove_4,
          gammafunk_temple_overflow_wave, serial_shops, shop,
          dreamdust_princess_corridor, serial_park_tiny_2, nrook_campfire,
          nicolae_wormholes
D:4:      layout_loops_ring, mainiacjoe_overflow_cross_hatched, serial_shops,
          nicolae_shop_statue_plus, kennysheep_nondescript
D:5:      gammafunk_wand_slinger, layout_gridville, minmay_misc_feat_diagonals,
          lightli_corner_chamber
D:6:      layout_basic, minmay_temple_entry_trees, minmay_chambers_of_fives

Skill      XL: |  1  2  3  4  5  6  7 |
---------------+----------------------+-----
Axes           | 4 5 6 7 9 10 | 10.6
Fighting       | 4 |  4.2
Ranged Weapons | 1 |  1.0
Maces & Flails | |  0.8
Armour         | |  2.4
Dodging        | |  2.1

Action                     |  1- 3 |  4- 6 |  7- 9 || total
---------------------------+-------+-------+-------++-------
  Melee: Hand axe          |    51 |       |       ||    51
         Punch             |     1 |       |     1 ||     2
         Headbutt          |     8 |     6 |     3 ||    17
         Morningstar       |    14 |       |       ||    14
         War axe           |     7 |    47 |    11 ||    65
   Fire: Sling             |    22 |    50 |     3 ||    75
  Throw: Stone             |       |     3 |       ||     3
         Dart              |       |     2 |       ||     2
 Invoke: Berserk           |       |     1 |     1 ||     2
         Trog's Hand       |       |     1 |       ||     1
    Use: Scroll            |     2 |     3 |     2 ||     7
 Armour: Ring mail         |     9 |       |       ||     9
         Animal skin       |     1 |       |       ||     1
         Plate armour      |    43 |    50 |     9 ||   102
  Dodge: Dodged            |    30 |    28 |     5 ||    63

Table legend: (Time is in decaauts)
 A = Elapsed time spent in this place.
 B = Non-inter-level travel time spent in this place.
 C = Inter-level travel time spent in this place.
 D = Time resting spent in this place.
 E = Time spent auto-exploring this place.
 F = Levels seen in this place.
 G = Mean time per level.
                   A        B        C        D        E       F      G
               +--------+--------+--------+--------+--------+-----+--------+
         Total |   3839 |   3630 |    209 |    146 |   2722 |   6 |  639.8 |
       Dungeon |   3839 |   3630 |    209 |    146 |   2722 |   6 |  639.8 |
               +--------+--------+--------+--------+--------+-----+--------+

Top non-repeatable levels by time:
     D:5: 820 daAuts
     D:4: 810 daAuts
     D:1: 806 daAuts
     D:2: 769 daAuts
     D:3: 626 daAuts
     D:6: 6 daAuts
